 Dungeon Crawl Stone Soup version 0.28.0-53-g5a82cb258f (console) character file.

Game seed: 14133790765751470837

1837704 odiv the Invulnerable (level 25, 231/231 HPs)
             Began as a Minotaur Arcane Marksman on Aug 14, 2022.
             Was the Champion of Wu Jian.
             Escaped with the Orb
             ... and 4 runes on Aug 17, 2022!
             The game lasted 08:49:33 (101481 turns).

odiv the Invulnerable (Minotaur Arcane Marksman)  Turns: 101481, Time: 08:49:34

Health: 231/231    AC: 52    Str: 25    XL:     25   Next: 65%
Magic:  23/23      EV: 16    Int: 14    God:    Wu Jian [******]
Gold:   5641       SH:  5    Dex: 22    Spells: 26/26 levels left

rFire   + . .      SeeInvis +   a - +9 bardiche (freeze)
rCold   . . .      Faith    .   (shield currently unavailable)
rNeg    . . .      Spirit   .   U - +9 crystal plate armour
rPois   +          Reflect  +   R - +1 hat {SInv}
rElec   .          Harm     .   T - +2 cloak {rCorr}
rCorr   +          Rampage  .   X - +1 pair of gloves
Will    ++++.                   C - +2 pair of boots
Stlth   ..........              t - amulet of Cosur {Reflect Contam +Inv Will+++ Dex+5 SH+5}
HPRegen 0.48/turn               h - ring of Vetuefeats {+Blink rF+ Int+4 Dex+4}
MPRegen 0.18/turn               P - ring of poison resistance

@: hasted, studying 3 skills, very quick
A: horns 2, retaliatory headbutt, deterioration 1, frail 1, passive freeze,
MP-powered wands
0: Orb of Zot
}: 4/15 runes: decaying, serpentine, slimy, silver
a: Renounce Religion, Evoke Blink, Evoke Invisibility, Wall Jump, Serpent's
Lash, Heavenly Storm


You escaped.
You worshipped Wu Jian.
Wu Jian was exalted by your worship.
You visited 11 branches of the dungeon, and saw 54 of its levels.
You also visited: Ice Cave.

You collected 8512 gold pieces.
You spent 2871 gold pieces at shops.

Inventory:

Hand Weapons
 a - a +9 bardiche of freezing (weapon)
Missiles
 c - 4 throwing nets
 g - 7 boomerangs of dispersal
 u - 16 atropa-tipped darts
 D - 5 javelins
 H - 23 boomerangs (quivered)
 M - 17 curare-tipped darts
 S - 20 poisoned darts
 V - 5 silver javelins
Armour
 C - a +2 pair of boots (worn)
 R - a +1 hat of see invisible (worn)
 T - a +2 cloak of preservation (worn)
 U - a +9 crystal plate armour (worn)
 X - a +1 pair of gloves (worn)
Jewellery
 h - the ring of Vetuefeats (left hand) {+Blink rF+ Int+4 Dex+4}
   (You acquired it on level 5 of the Vaults)

   [ring of protection from fire]

   Int:       It affects your intelligence (+4).
   Dex:       It affects your dexterity (+4).
   rF:        It protects you from fire.
   +Blink:    It lets you blink.
 o - a ring of positive energy
 t - the amulet of Cosur (around neck) {Reflect Contam +Inv Will+++ Dex+5 SH+5}
   (You acquired it on level 12 of the Dungeon)

   [amulet of reflection]

   It reflects blocked missile attacks.
   Dex:       It affects your dexterity (+5).
   +Inv:      It lets you turn invisible.
   Contam:    It causes magical contamination when unequipped.
   SH:        It affects your SH (+5).
   Will:      It greatly increases your willpower.
 y - the macabre finger necklace {rN+}
   (You found it on level 3 of the Elven Halls)

   [amulet of nothing]

   It enables you to equip an extra ring.
   rN:        It protects you from negative energy.
 F - the ring "Tuaczit" {Fire rN+ Str+2}
   (You found it on level 5 of the Pits of Slime)

   [ring of fire]

   It enhances your fire magic.
   Str:       It affects your strength (+2).
   rF:        It protects you from fire.
   rC:        It makes you vulnerable to cold.
   rN:        It protects you from negative energy.
 I - a ring of protection from cold
 P - a ring of poison resistance (right hand)
 Q - the ring of the Hare {EV+8}
   (You found it on level 3 of the Elven Halls)

   [ring of evasion]

   EV:        It affects your evasion (+8).
 Z - a ring of flight
Wands
 e - a wand of paralysis (39)
 f - a wand of charming (22)
 i - a wand of polymorph (23)
 q - a wand of acid (14)
 B - a wand of flame (27)
 L - a wand of iceblast (21)
 Y - a wand of digging (13)
Scrolls
 b - a scroll of blinking
 j - 7 scrolls of holy word
 n - a scroll of summoning
 p - a scroll of enchant weapon
 r - 5 scrolls of fog
 s - 2 scrolls of magic mapping
 A - 3 scrolls of silence
 E - 17 scrolls of teleportation
 N - 5 scrolls of fear
Potions
 d - 17 potions of curing
 k - 5 potions of cancellation
 l - 3 potions of ambrosia
 v - 2 potions of mutation
 w - 2 potions of might
 x - 2 potions of resistance
 z - 6 potions of invisibility
 G - 4 potions of heal wounds
 J - 9 potions of flight
 K - 3 potions of magic
 O - 4 potions of haste
 W - 3 potions of berserk rage
Miscellaneous
 m - a condenser vane


   Skills:
 O Level 27 Fighting
 - Level 4.5 Maces & Flails
 - Level 24.0 Polearms
 + Level 18.6 Throwing
 O Level 27 Armour
 - Level 16.0 Dodging
 - Level 1.0 Spellcasting
 - Level 2.0 Hexes
 + Level 17.9 Evocations


You had 26 spell levels left.
You didn't know any spells.
Your spell library contained the following spells:

 Spells                   Type           Power      Damage    Failure   Level
 Slow                     Hex            24%        N/A       63%         1
 Animate Skeleton         Necr           0%         N/A       88%         1
 Apportation              Tloc           0%         N/A       88%         1
 Foxfire                  Conj/Fire      0%         2x1d4     88%         1
 Freeze                   Ice            0%         1d3       88%         1
 Sandblast                Erth           0%         2d4       88%         1
 Summon Small Mammal      Summ           0%         N/A       88%         1
 Ensorcelled Hibernation  Hex/Ice        6%         N/A       88%         2
 Confusing Touch          Hex            6%         N/A       94%         3
 Tukima's Dance           Hex            6%         N/A       94%         3
 Blink                    Tloc           0%         N/A       95%         2
 Corpse Rot               Necr/Air       0%         N/A       95%         2
 Passwall                 Tmut/Erth      0%         N/A       95%         2
 Poisonous Vapours        Pois/Air       0%         N/A       95%         2
 Scorch                   Fire           0%         2d5       95%         2
 Static Discharge         Conj/Air       0%         N/A       95%         2
 Sublimation of Blood     Necr           0%         N/A       95%         2
 Wereblood                Tmut           0%         N/A       95%         2
 Dazzling Flash           Conj/Hex       6%         N/A       98%         3
 Inner Flame              Hex/Fire       3%         N/A       98%         3
 Portal Projectile        Hex/Tloc       6%         N/A       98%         3
 Summon Guardian Golem    Hex/Summ       3%         N/A       98%         3
 Call Canine Familiar     Summ           0%         N/A       99%         3
 Frozen Ramparts          Ice            0%         1d2       99%         3
 Gell's Gravitas          Tloc           0%         N/A       99%         3
 Ignite Poison            Fire/Tmut/Pois 0%         N/A       99%         3
 Lesser Beckoning         Tloc           0%         N/A       99%         3
 Mephitic Cloud           Conj/Pois/Air  0%         N/A       99%         3
 Ozocubu's Armour         Ice            0%         N/A       99%         3
 Stone Arrow              Conj/Erth      0%         3d7       99%         3
 Swiftness                Air            0%         N/A       99%         3
 Teleport Other           Tloc           0%         N/A       99%         3
 Vampiric Draining        Necr           0%         2d6       99%         3
 Animate Armour           Summ/Erth      0%         N/A       100%        4
 Cause Fear               Hex            3%         N/A       100%        4
 Flame Wave               Conj/Fire      0%         2d4       100%        4
 Hailstorm                Conj/Ice       0%         3d3       100%        4
 Ice Form                 Ice/Tmut       0%         N/A       100%        4
 Iskenderun's Mystic Bla  Conj/Tloc      0%         2d3       100%        4
 Leda's Liquefaction      Hex/Erth       1%         N/A       100%        4
 Passage of Golubria      Tloc           0%         N/A       100%        4
 Petrify                  Tmut/Erth      0%         N/A       100%        4
 Sticky Flame             Conj/Fire      0%         2d3       100%        4
 Agony                    Necr           0%         N/A       100%        5
 Alistair's Intoxication  Tmut/Pois      0%         N/A       100%        5
 Blade Hands              Tmut           0%         N/A       100%        5
 Borgnjor's Vile Clutch   Necr/Erth      0%         N/A       100%        5
 Excruciating Wounds      Necr           0%         N/A       100%        5
 Fireball                 Conj/Fire      0%         3d3       100%        5
 Freezing Cloud           Conj/Ice/Air   0%         6-21      100%        5
 Irradiate                Conj/Tmut      0%         3d13      100%        5
 Lightning Bolt           Conj/Air       0%         1d11      100%        5
 Manifold Assault         Tloc           0%         N/A       100%        5
 Metabolic Englaciation   Hex/Ice        1%         N/A       100%        5
 Silence                  Hex/Air        1%         N/A       100%        5
 Summon Forest            Summ/Tloc      0%         N/A       100%        5
 Yara's Violent Unravell  Hex/Tmut       1%         3d3       100%        5
 Dispersal                Tloc           0%         N/A       100%        6
 Eringya's Noxious Bog    Tmut/Pois      0%         N/A       100%        6
 Simulacrum               Ice/Necr       0%         N/A       100%        6
 Starburst                Conj/Fire      0%         6d3       100%        6
 Summon Cactus Giant      Summ           0%         N/A       100%        6
 Haunt                    Necr/Summ      0%         N/A       100%        7
 Spellforged Servitor     Conj/Summ      0%         N/A       100%        7
 Storm Form               Tmut/Air       0%         N/A       100%        7
 Summon Hydra             Summ           0%         N/A       100%        7
 Disjunction              Tloc           0%         N/A       100%        8
 Lehudib's Crystal Spear  Conj/Erth      0%         10d2      100%        8
 Maxwell's Capacitive Co  Air            0%         ∞         100%        8
 Necromutation            Tmut/Necr      0%         N/A       100%        8
 Polar Vortex             Ice            0%         N/A       100%        9


Dungeon Overview and Level Annotations

Branches:
Dungeon (15/15)            Temple (1/1) D:7            Lair (6/6) D:11
  Swamp (4/4) Lair:4        Snake (4/4) Lair:3        Slime (5/5) Lair:5
    Orc (2/2) D:12            Elf (3/3) Orc:2        Vaults (5/5) D:14
  Crypt (0/3) Vaults:3     Depths (4/4) D:15            Zot (5/5) Depths:4
  IceCv (visited)

Altars:
Ashenzari
Cheibriados
Dithmenos
Elyvilon
Fedhas
Gozag
Hepliaklqana
Makhleb
Nemelex Xobeh
Okawaru
Qazlal
Sif Muna
Trog
Uskayaw
Vehumet
Wu Jian
Xom
Yredelemnul
Zin
The Shining One

Shops:
D:1 [   D:12 (   Orc:2 *?*(:   Snake:4 :==   Vaults:4 (   Vaults:5 *
Depths:2 *   Depths:3 [   Depths:4 [

Portals:
Hell: Depths:1 Depths:2 Depths:3 Depths:4
Abyss: Snake:2 Depths:1 Depths:3 Depths:4
Pandemonium: Depths:2 Depths:3
Ziggurat: Depths:4
Trove: Depths:2 (give +8 demon trident)

Annotations:
Snake:3 2 transporters
Elf:2 3 runed translucent doors


Innate Abilities, Weirdness & Mutations

You have a pair of horns on your head.
You reflexively headbutt those who attack you in melee.
Your body sometimes deteriorates upon taking damage.
You are frail. (-10% HP)
A frigid envelope surrounds you and freezes all who hurt you.
You expend magic power (3 MP) to strengthen your wands.


Message History

Press: ? - help, Shift-Dir - straight line A rock wall.
This square is covered in magical glow.
You feel a surge of power!
The rock shatters into small pieces.
A blizzard demon comes into view.
You lunge at the blizzard demon.
You slash the blizzard demon! You freeze the blizzard demon.
You headbutt the blizzard demon!
The blizzard demon is moderately wounded.
The blizzard demon gestures at you. The freezing blast engulfs you!
You spin and attack the blizzard demon repeatedly.
You slash the blizzard demon! You headbutt the blizzard demon!
The blizzard demon is severely wounded.
You closely miss the blizzard demon.
The blizzard demon is severely wounded.
You are engulfed in freezing vapours.
The blizzard demon is engulfed in freezing vapours.
The blizzard demon closely misses you. You furiously retaliate!
You headbutt the blizzard demon, but do no damage.
The blizzard demon hits you but does no damage.
The blizzard demon completely resists.
There is a stone staircase leading up here.
You are engulfed in freezing vapours.
The blizzard demon is engulfed in freezing vapours.
The blizzard demon barely misses you. x2
You climb upwards.
There is a stone staircase leading down here.
Unknown command.
You chop the blizzard demon into pieces!!!
You kill the blizzard demon!
The Council accepts your kill.
Magic restored.
A reaper comes into view. It is wielding a +3 vampiric scythe.
Unknown command.
There is an abandoned shop here.
The reaper closely misses you.
You feel yourself speed up. The reaper barely misses you.
You see here a +0 robe.
There is a staircase leading out of the dungeon here.
You have escaped!

#.####### ################.# #
#............)...# #
#.################ # #.# ## #.#
##. #.# ##.. #####.## ### ###
#######... # #......# ##@#
#.###......... ######.###..###..#
#............. ......∩....###...#
#.###.#.####..
######.###..##...###.....#.# #..
..####.####.#......#######.# #.#
......#.#####......# #.# #..
.....###.#.#∩...2.########.# #..
.####.#...##∩...[.##.....#.####..
.# ##.###.#∩.....∩#####.#.......


You could see a reaper.

Vanquished Creatures
  the Royal Jelly (Slime:5)
  Dissolution (Slime:1)
  A dread lich (Zot:4)
  4 ancient liches
  2 orbs of fire (Zot:5)
  3 juggernauts
  Mennas (Vaults:4)
  3 Killer Klowns (Zot:5)
  Vashnia (Snake:4)
  Saint Roka (Depths:2)
  5 caustic shrikes
  3 curse toes
  5 golden dragons
  Nikola (Snake:1)
  An electric golem (Zot:5)
  Jorgrun (Elf:2)
  25 Orb Guardians
  23 tentacled monstrosities
  A walking crystal tome (Depths:2)
  3 deep elf blademasters (Elf:3)
  9 liches
  8 titans
  5 deep elf master archers (Elf:3)
  5 sphinxes
  9 quicksilver dragons
  15 acid blobs
  5 death cobs
  Asterion (Elf:2)
  Frances (D:15)
  The ghost of cbfl8 the Warrior, an adept MiBe of Trog (Snake:2)
  An ancient champion (Vaults:3)
  11 shadow dragons
  3 thorn hunters
  A storm dragon (shapeshifter) (Vaults:3)
  7 draconian monks
  9 tengu reavers
  5 nagarajas
  2 fenstrider witches
  12 storm dragons
  12 rockslimes
  7 fire giants
  4 draconian knights
  10 azure jellies
  6 deep elf sorcerers
  5 draconian scorchers
  3 draconian shifters
  2 iron dragons
  16 vault wardens
  10 frost giants
  Aizul (Lair:3)
  2 orc warlords
  A ghost moth (Zot:3)
  Louise (Elf:2)
  14 ironbound preservers
  2 deep elf elementalists
  3 ghouls
  5 draconian annihilators
  A curse skull (Vaults:3)
  4 spriggan defenders (Depths:4)
  3 draconian stormcallers
  18 stone giants
  13 quicksilver oozes
  11 ironbound thunderhulks
  5 war gargoyles
  18 very ugly things
  9 green draconians
  A vampire knight (Depths:2)
  6 deep elf annihilators
  12 yellow draconians
  8 black draconians
  A bunyip (Swamp:2)
  11 red draconians
  4 deep elf demonologists
  3 eleionomae
  A spark wasp (shapeshifter) (Vaults:3)
  Azrael (Orc:2)
  11 purple draconians
  6 dire elephants
  4 spark wasps
  19 ettins
  5 deep elf death magi
  A blizzard demon (D:1)
  A crystal guardian (Vaults:4)
  12 white draconians
  Snorg (D:13)
  17 fire dragons
  6 deep elf high priests
  2 shambling mangroves
  11 great orbs of eyes
  Josephine (Lair:6)
  The ghost of avis the Spry, a journeyman FeSu of Gozag (Swamp:1)
  The ghost of styxcanada the Unseen, a journeyman SpBr of Gozag (Lair:6)
  Harold (D:7)
  6 yaktaur captains
  7 anacondas
  3 peacekeepers
  2 rakshasas
  29 vault guards
  A hydra (shapeshifter) (Vaults:4)
  Fannar (Lair:2)
  5 ice dragons
  A salamander tyrant (Snake:3)
  7 boulder beetles
  2 catoblepae
  20 hydras
  5 ironbound frosthearts
  A hell beast (Depths:2)
  2 ogre magi
  17 centaur warriors
  12 naga warriors
  A ghost crab (Swamp:3)
  7 alligators
  3 spriggan air magi
  A two-headed ogre (D:12)
  A death knight (D:11)
  3 tengu warriors
  The ghost of ratmagoo the Geomancer, a journeyman GrEE of Vehumet (Lair:1)
  5 deep troll shamans
  6 spriggan berserkers
  14 death yaks
  8 hell knights
  5 deep troll earth magi
  16 deep elf knights
  24 dancing weapons
  7 shock serpents
  Sonja (Lair:3)
  7 naga sharpshooters
  A fire crab (Swamp:3)
  An iron troll (shapeshifter) (Vaults:5)
  4 salamander mystics
  2 iron trolls (Depths:4)
  3 sixfirhies
  2 sea snakes (Snake:4)
  2 golden dragon zombies
  10 swamp dragons
  A deep troll (shapeshifter) (Vaults:5)
  7 goliath frogs
  3 bog bodies
  2 flayed ghosts
  A death drake (shapeshifter) (Elf:3)
  44 deep trolls
  13 wizards
  3 deep elf archers
  6 glowing orange brains
  2 spriggan druids
  18 ironbound convokers
  28 deep elf pyromancers
  4 naga ritualists
  4 orc knights
  11 lindwurms
  29 deep elf zephyrmancers
  2 phantasmal warriors (Vaults:4)
  A harpy (shapeshifter) (Elf:3)
  2 tengu skeletons
  A stone giant zombie (Vaults:4)
  2 wolf spiders
  A shadow dragon skeleton (Depths:3)
  7 salamanders
  2 orc sorcerers (Orc:1)
  28 ugly things
  7 necromancers
  3 will-o-the-wisps
  5 shining eyes
  27 moths of wrath
  A mana viper (shapeshifter) (Depths:2)
  4 cyclopes
  5 mana vipers
  A shining eye (shapeshifter) (Vaults:4)
  5 elephants (Lair:6)
  A fire giant skeleton (Vaults:1)
  5 manticores
  5 guardian serpents
  A black mamba (shapeshifter) (Depths:4)
  A guardian serpent (shapeshifter) (Depths:2)
  A rust devil (Depths:2)
  14 naga magi
  21 black mambas
  21 vault sentinels
  13 cane toads
  Maggie (D:7)
  2 orange demons (D:14)
  A yaktaur zombie (Vaults:1)
  A gargoyle (D:6)
  An eye of devastation (Slime:5)
  Psyche (D:9)
  2 kobold demonologists
  9 komodo dragons
  15 yaktaurs
  A demonic crawler (Zot:4)
  4 unseen horrors
  2 rime drakes
  2 freezing wraiths
  A komodo dragon (shapeshifter) (Elf:2)
  A hellwing (D:10)
  2 ice devils (Depths:2)
  A red devil (Depths:2)
  A tengu conjurer (D:15)
  6 trolls
  7 tyrant leeches
  A silent spectre (Vaults:2)
  2 polar bears
  14 hornets
  A bloated husk (Swamp:1)
  16 blink frogs
  2 raiju (Snake:2)
  A frost giant simulacrum (Depths:3)
  100 slime creatures
  A jumping spider (shapeshifter) (D:13)
  2 air elementals
  2 jumping spiders (Lair:2)
  54 yaks
  6 wyverns
  2 vampires
  A culicivora (shapeshifter) (Vaults:5)
  2 shadows (D:10)
  A ynoxinul (Depths:2)
  11 spriggans
  8 wraiths
  A golden eye (shapeshifter) (Vaults:5)
  18 water elementals
  A wyvern (shapeshifter) (D:13)
  A golden eye (Slime:3)
  6 fire elementals
  8 basilisks
  A steam dragon (Swamp:4)
  3 chaos spawn
  19 vampire mosquitoes
  A death yak simulacrum (IceCv)
  A redback (Lair:2)
  6 wargs
  A harpy simulacrum (IceCv)
  4 large abominations
  8 swamp worms
  4 acid dragons
  41 nagas
  13 water moccasins
  4 hell hounds
  A water moccasin (shapeshifter) (Depths:2)
  12 swamp drakes
  4 ice beasts
  33 orc warriors
  An ice beast (shapeshifter) (D:10)
  A black bear (D:7)
  3 necrophages
  9 ogres
  10 wolves
  8 small abominations (Depths:4)
  25 centaurs
  2 phantoms
  4 kobold brigands
  A human zombie (Vaults:4)
  4 earth elementals
  13 bullfrogs
  A wyvern zombie (D:8)
  A gnoll sergeant (D:10)
  7 scorpions
  An elephant simulacrum (IceCv)
  25 killer bees
  4 wights (D:8)
  4 howler monkeys
  5 electric eels
  12 centaur zombies
  A human simulacrum (Vaults:4)
  3 lava snakes
  A bullfrog zombie (D:6)
  5 jellies
  Crazy Yiuf (D:7)
  2 bullfrog skeletons
  2 hounds
  17 orc priests
  2 iguanas
  17 orc wizards
  6 hell rats (Lair:6)
  A hound zombie (D:5)
  Robin (D:4)
  6 gnolls
  8 adders
  6 white imps
  2 ufetubi
  2 worms
  2 dart slugs
  70 orcs
  3 endoplasms
  3 giant cockroaches
  17 goblins
  11 hobgoblins
  3 jackals
  21 kobolds
  3 quokkas
  7 ball pythons
  19 bats
  4 frilled lizards
  A quokka skeleton (D:4)
  6 rats
  12 butterflies (Vaults:2)
  A fire vortex (Swamp:4)
2035 creatures vanquished.

Vanquished Creatures (others)
  A draconian knight (Zot:2)
  A stone giant (Vaults:2)
  A green draconian (Depths:4)
  An ogre mage (D:10)
  A wizard (Vaults:2)
  A deep elf pyromancer (Elf:2)
  A moth of wrath (Vaults:2)
  A guardian serpent (Snake:4)
  An orc warrior (Orc:2)
  An orc wizard (D:12)
  An orc (Depths:2)
  A spectral orc (D:12)
  10 foxfires
  25 fungi
  A lurking horror (Snake:2)
  128 plants
176 creatures vanquished.

Grand Total: 2211 creatures vanquished

Notes
Turn   | Place    | Note
-------+----------+-------------------------------------------
     0 | D:1      | odiv the Minotaur Arcane Marksman began the quest for the
                  | Orb.
     0 | D:1      | Reached XP level 1. HP: 16/16 MP: 1/1
   361 | D:1      | Reached XP level 2. HP: 24/24 MP: 2/2
   853 | D:1      | Found Etyx's Armour Shoppe.
   887 | D:1      | Reached XP level 3. HP: 23/30 MP: 3/3
  1207 | D:2      | Found a glowing golden altar of the Shining One.
  2268 | D:3      | Reached XP level 4. HP: 38/38 MP: 4/4
  2809 | D:4      | Noticed an ogre
  2927 | D:4      | Noticed a +0 hand axe
  2927 | D:4      | Noticed a +0 hand axe
  2929 | D:4      | Found a hide-covered altar of Uskayaw.
  2931 | D:4      | Reached XP level 5. HP: 46/46 MP: 5/5
  2987 | D:4      | Noticed Robin
  3004 | D:4      | Killed Robin
  3005 | D:4      | Reached skill level 1 in Armour
  3057 | D:4      | Killed an ogre
  3067 | D:4      | Reached XP level 6. HP: 48/55 MP: 6/6
  3148 | D:4      | Reached skill level 5 in Fighting
  3495 | D:5      | Entered Level 5 of the Dungeon
  3509 | D:5      | Found an opulent altar of Gozag.
  3528 | D:5      | Noticed an ice beast
  3543 | D:5      | Killed an ice beast
  3544 | D:5      | Reached skill level 5 in Throwing
  3544 | D:5      | Reached XP level 7. HP: 52/62 MP: 7/7
  3804 | D:5      | Reached skill level 5 in Armour
  3909 | D:5      | Reached skill level 1 in Maces & Flails
  3909 | D:5      | Reached XP level 8. HP: 70/71 MP: 8/8
  4100 | D:6      | Noticed a gargoyle
  4119 | D:6      | Killed a gargoyle
  4513 | D:6      | Found a blossoming altar of Fedhas.
  5094 | D:7      | Noticed Maggie
  5104 | D:7      | Killed Maggie
  5105 | D:7      | Reached XP level 9. HP: 81/81 MP: 9/9
  5112 | D:7      | Found a stormy altar of Qazlal.
  5140 | D:7      | Found a hazy altar of Hepliaklqana.
  5256 | D:7      | Found a burning altar of Makhleb.
  5265 | D:7      | Found a staircase to the Ecumenical Temple.
  5282 | Temple   | Entered the Ecumenical Temple
  5342 | Temple   | Became a worshipper of the Wu Jian Council
  5399 | D:7      | Found a shimmering altar of Xom.
  5502 | D:7      | Found a shadowy altar of Dithmenos.
  5699 | D:7      | Got Doatodwe's Handbook of Stolen Souls
  5722 | D:7      | Reached skill level 1 in Polearms
  5808 | D:7      | Noticed Harold
  5821 | D:7      | Killed Harold
  6036 | D:7      | Found a glowing silver altar of Zin.
  6154 | D:7      | Found a runed translucent door.
  6155 | D:7      | Noticed Crazy Yiuf
  6163 | D:7      | Killed Crazy Yiuf
  6445 | D:8      | Reached XP level 10. HP: 91/91 MP: 10/10
  6565 | D:8      | Reached * piety under Wu Jian
  7011 | D:9      | Reached skill level 5 in Polearms
  7137 | D:9      | Reached skill level 10 in Fighting
  7183 | D:9      | Noticed a centaur warrior
  7190 | D:9      | Killed a centaur warrior
  7359 | D:9      | Found a white marble altar of Elyvilon.
  7522 | D:9      | Reached ** piety under Wu Jian
  7530 | D:9      | Reached skill level 10 in Armour
  7599 | D:9      | Noticed Psyche
  7608 | D:9      | Killed Psyche
  7617 | D:9      | You fall into a shaft and drop 3 floors!
  7618 | D:12     | Identified a scroll of acquirement
  7619 | D:12     | Acquired the amulet of Cosur {Reflect Contam +Inv Will+++
                  | Dex+5 SH+5}
  7635 | D:12     | Identified the +5 dagger of Insufficient Pleasure {drain,
                  | Str+4 Dex+3}
  7884 | D:12     | Found Unom's Weapon Shop.
  7892 | D:12     | Noticed a cyclops
  7976 | D:10     | Entered Level 10 of the Dungeon
  8338 | D:9      | Reached XP level 11. HP: 94/102 MP: 11/11
  8479 | D:10     | Identified the ring "Wuhato" {rN+ Will- Str+7 Dex-3 SInv}
  8708 | D:10     | Found a radiant altar of Vehumet.
  8709 | D:10     | Found an ornate altar of the Wu Jian Council.
  8775 | D:10     | Found a sparkling altar of Nemelex Xobeh.
  8777 | D:10     | Found a shadowy altar of Dithmenos.
  8794 | D:10     | Noticed a death knight
  8795 | D:10     | Noticed an ogre mage
  8795 | D:10     | Noticed a centaur warrior
  8800 | D:10     | Noticed a deep elf pyromancer
  8822 | D:10     | Killed an ogre mage
  9012 | D:10     | Noticed a wizard
  9028 | D:10     | Killed a wizard
  9037 | D:10     | Noticed a fire dragon
  9231 | D:10     | Identified the +5 quarterstaff "Takaipny" {flame, *Rage rC+
                  | Str+5}
  9266 | D:10     | Killed a deep elf pyromancer
  9481 | D:10     | Killed a centaur warrior
  9583 | D:10     | Reached *** piety under Wu Jian
  9629 | D:10     | Reached skill level 10 in Polearms
  9839 | D:10     | Killed a fire dragon
 10286 | D:10     | Noticed an ogre mage
 10293 | D:10     | Killed an ogre mage
 10341 | D:10     | Found a bloodstained altar of Trog.
 10436 | D:11     | Noticed a centaur warrior
 10440 | D:11     | Killed a centaur warrior
 10441 | D:11     | Reached XP level 12. HP: 111/112 MP: 12/12
 10546 | D:11     | Found a staircase to the Lair.
 10730 | Lair:1   | Entered Level 1 of the Lair of Beasts
 10932 | Lair:1   | Found a runed translucent gate.
 10933 | Lair:1   | Found a runed translucent gate.
 10953 | Lair:1   | Found a runed translucent gate.
 10954 | Lair:1   | Noticed a 12-headed hydra
 10954 | Lair:1   | Noticed a nine-headed hydra
 10954 | Lair:1   | Noticed ratmagoo's ghost (journeyman GrEE)
 11381 | Lair:2   | Noticed Fannar
 11399 | Lair:2   | Killed Fannar
 11429 | Lair:2   | Noticed a catoblepas
 11450 | Lair:2   | Killed a catoblepas
 11461 | Lair:2   | Reached **** piety under Wu Jian
 11874 | Lair:2   | Noticed a five-headed hydra
 11880 | Lair:2   | Killed a three-headed hydra
 12085 | Lair:2   | You fall into a shaft and drop 2 floors!
 12624 | Lair:4   | Found a frozen archway.
 12664 | IceCv    | Entered an ice cave
 12673 | IceCv    | Reached skill level 15 in Armour
 12675 | IceCv    | Found a transporter.
 12698 | IceCv    | Found a transporter.
 12828 | Lair:4   | Noticed a death yak
 12828 | Lair:4   | Noticed a death yak
 12828 | Lair:4   | Noticed a death yak
 12843 | Lair:4   | Killed a death yak
 12849 | Lair:4   | Killed a death yak
 12850 | Lair:4   | Reached XP level 13. HP: 43/118 MP: 13/13
 13396 | Lair:4   | Found a staircase to the Swamp.
 13426 | Lair:4   | Reached skill level 10 in Throwing
 14253 | Lair:2   | Found a runed translucent door.
 14504 | Lair:3   | Noticed Sonja
 14520 | Lair:3   | Killed Sonja
 14890 | Lair:3   | Reached ***** piety under Wu Jian
 15072 | Lair:3   | Found a staircase to the Snake Pit.
 16371 | Lair:5   | Found a staircase to the Slime Pits.
 16770 | Lair:6   | Entered Level 6 of the Lair of Beasts
 17186 | Lair:6   | Noticed Josephine
 17803 | D:12     | Identified the +3 whip of Wu Jian's Supremacy {holy, Int+3
                  | Dex+3 SInv}
 17839 | D:12     | Reached XP level 14. HP: 126/126 MP: 14/14
 17890 | D:12     | Found a basalt altar of Yredelemnul.
 17996 | D:12     | Found a staircase to the Orcish Mines.
 18899 | D:13     | Reached ****** piety under Wu Jian
 19692 | D:14     | Noticed Snorg
 19696 | D:14     | Noticed Frances
 19704 | D:13     | Killed Snorg
 20372 | D:15     | Entered Level 15 of the Dungeon
 20850 | D:15     | Found a staircase to the Depths.
 21503 | D:15     | Killed Frances
 22333 | D:14     | Found a gate to the Vaults.
 22925 | Lair:2   | Found a runed translucent gate.
 22925 | Lair:2   | Found a runed translucent gate.
 22925 | Lair:2   | Found a runed translucent gate.
 22925 | Lair:2   | Found a runed translucent gate.
 22925 | Lair:2   | Found a runed translucent gate.
 22925 | Lair:2   | Found a runed translucent gate.
 23033 | Swamp:1  | Entered Level 1 of the Swamp
 23045 | Swamp:1  | Found a runed translucent gate.
 23045 | Swamp:1  | Found a runed translucent gate.
 23045 | Swamp:1  | Found a runed translucent gate.
 23732 | Lair:1   | Killed ratmagoo's ghost
 23750 | Lair:1   | Reached XP level 15. HP: 79/132 MP: 15/15
 23924 | Lair:1   | Identified the +9 scimitar of Profit {flame, rF+ Dex+4}
 24226 | Lair:6   | Noticed styxcanada's ghost (journeyman SpBr)
 24226 | Lair:6   | Found a runed translucent door.
 24226 | Lair:6   | Found a shimmering altar of Xom.
 24693 | Lair:6   | Killed Josephine
 25561 | Orc:1    | Entered Level 1 of the Orcish Mines
 25980 | Orc:1    | Reached skill level 15 in Polearms
 26589 | Orc:2    | Entered Level 2 of the Orcish Mines
 26589 | Orc:2    | Noticed Azrael
 27547 | Orc:2    | Found Ricsijie's Mass Market.
 28048 | Orc:2    | Found a staircase to the Elven Halls.
 28431 | Orc:2    | Killed Azrael
 28544 | Orc:2    | Found Vask's Weapon Emporium.
 28544 | Orc:2    | Found Jap Eluc's Assorted Antiques.
 28546 | Orc:2    | Found Otaicoaf's Magic Scroll Shop.
 28548 | Orc:2    | Found Wacs's Book Shoppe.
 28555 | Orc:2    | Bought a scroll of identify for 60 gold pieces
 28558 | Orc:2    | Bought a scroll of silence for 105 gold pieces
 28560 | Orc:2    | Bought a garnet ring for 150 gold pieces
 28560 | Orc:2    | Bought a shiny ring mail for 210 gold pieces
 28746 | Orc:2    | Bought a scroll of magic mapping for 49 gold pieces
 28746 | Orc:2    | Bought a scroll of identify for 28 gold pieces
 28746 | Orc:2    | Bought a scroll of teleportation for 42 gold pieces
 28746 | Orc:2    | Bought a scroll of teleportation for 42 gold pieces
 28746 | Orc:2    | Bought a scroll of fog for 28 gold pieces
 28746 | Orc:2    | Bought a scroll of identify for 28 gold pieces
 28901 | Lair:2   | Identified the ring "Yledou" {Str+6 Dex+7}
 29436 | Swamp:1  | Reached skill level 1 in Evocations
 29498 | Swamp:1  | Noticed a thorn hunter
 29515 | Swamp:1  | Killed a thorn hunter
 29889 | Swamp:1  | Noticed a fenstrider witch
 29901 | Swamp:1  | Killed a fenstrider witch
 30102 | Swamp:1  | Noticed a thorn hunter
 30110 | Swamp:1  | Noticed avis's ghost (journeyman FeSu)
 31445 | Swamp:1  | Reached XP level 16. HP: 147/147 MP: 16/16
 31710 | Swamp:2  | Noticed a tentacled monstrosity
 32127 | Swamp:2  | Killed a tentacled monstrosity
 32589 | Swamp:3  | Reached skill level 15 in Fighting
 32965 | Swamp:3  | Identified the +6 quarterstaff "Ximeybic" {vorpal, *Noise
                  | rC- rN+ Str+8}
 33163 | Swamp:4  | Entered Level 4 of the Swamp
 33163 | Swamp:4  | Noticed a thorn hunter
 33232 | Swamp:3  | Reached skill level 5 in Evocations
 33598 | Snake:1  | Entered Level 1 of the Snake Pit
 33639 | Snake:1  | Noticed Aizul
 33665 | Lair:3   | Killed Aizul
 34302 | Snake:1  | Noticed Nikola
 35513 | Swamp:3  | Killed a thorn hunter
 35902 | Swamp:4  | Got a decaying rune of Zot
 36245 | Vaults:1 | Entered Level 1 of the Vaults
 37091 | Vaults:1 | Reached XP level 17. HP: 78/160 MP: 9/17
 39882 | Vaults:2 | Found a huge runed gate.
 39882 | Vaults:2 | Found a huge runed gate.
 39882 | Vaults:2 | Found a huge runed gate.
 39882 | Vaults:2 | Found a huge runed gate.
 39882 | Vaults:2 | Found a huge runed gate.
 39883 | Vaults:2 | Found a huge runed gate.
 39883 | Vaults:2 | Found a huge runed gate.
 39883 | Vaults:2 | Found a huge runed gate.
 39883 | Vaults:2 | Found a huge runed gate.
 39883 | Vaults:2 | Found a huge runed gate.
 41339 | Vaults:2 | Noticed a titan
 42225 | Vaults:2 | Found a huge runed gate.
 42225 | Vaults:2 | Found a huge runed gate.
 42225 | Vaults:2 | Found a huge runed gate.
 42225 | Vaults:2 | Found a huge runed gate.
 42225 | Vaults:2 | Found a huge runed gate.
 42225 | Vaults:2 | Found a huge runed gate.
 42226 | Vaults:2 | Found a huge runed gate.
 42227 | Vaults:2 | Found a huge runed gate.
 42228 | Vaults:2 | Found a huge runed gate.
 42236 | Vaults:2 | Found a huge runed gate.
 42236 | Vaults:2 | Found a huge runed gate.
 42236 | Vaults:2 | Found a huge runed gate.
 42236 | Vaults:2 | Found a huge runed gate.
 42236 | Vaults:2 | Found a huge runed gate.
 42236 | Vaults:2 | Found a huge runed gate.
 42237 | Vaults:2 | Found a huge runed gate.
 42238 | Vaults:2 | Found a huge runed gate.
 42239 | Vaults:2 | Found a huge runed gate.
 42247 | Vaults:2 | Found a huge runed gate.
 42247 | Vaults:2 | Found a huge runed gate.
 42247 | Vaults:2 | Found a huge runed gate.
 42247 | Vaults:2 | Found a huge runed gate.
 42247 | Vaults:2 | Found a huge runed gate.
 42247 | Vaults:2 | Found a huge runed gate.
 42248 | Vaults:2 | Found a huge runed gate.
 42249 | Vaults:2 | Found a huge runed gate.
 43733 | Vaults:2 | Killed a titan
 44155 | Vaults:2 | Reached XP level 18. HP: 176/176 MP: 18/18
 44500 | Vaults:2 | Found a transporter.
 44553 | Vaults:2 | Found a bloodstained altar of Trog.
 44553 | Vaults:2 | Found the +8 Wrath of Trog {antimagic, *Rage Rampage}
 44606 | Vaults:2 | Found a transporter.
 44606 | Vaults:2 | Found a runed translucent door.
 45262 | Orc:2    | Bought a +0 bardiche of venom for 179 gold pieces
 46349 | Snake:1  | Killed Nikola
 46672 | Snake:1  | Found a snail-covered altar of Cheibriados.
 47037 | Snake:2  | Noticed a tentacled monstrosity
 47062 | Snake:2  | Found a transporter.
 47067 | Snake:2  | Found a one-way gate to the infinite horrors of the Abyss.
 47067 | Snake:2  | Noticed cbfl8's ghost (adept MiBe)
 47093 | Snake:2  | Found a transporter.
 47962 | Snake:3  | Found a transporter.
 48901 | Snake:3  | Found a transporter.
 49011 | Snake:4  | Entered Level 4 of the Snake Pit
 49713 | Lair:6   | Killed styxcanada's ghost
 51482 | Snake:4  | Noticed Vashnia
 52344 | Snake:4  | Killed Vashnia
 53497 | Snake:4  | Found Peuwoshra's Jewellery Shop.
 53502 | Snake:4  | Found Dutoim's Jewellery Shop.
 53503 | Snake:4  | Found Diuck's Book Shoppe.
 54632 | Snake:4  | Got a serpentine rune of Zot
 54885 | Elf:1    | Entered Level 1 of the Elven Halls
 55222 | Elf:1    | Paralysed by an air elemental for 1 turns
 55443 | Elf:1    | Reached XP level 19. HP: 185/185 MP: 19/19
 56316 | Elf:2    | Identified the +3 chain mail "Tuvuintioh" {Str+3 Dex+4}
 56380 | Elf:2    | Noticed Louise
 56396 | Elf:2    | Killed Louise
 56768 | Elf:2    | Found a runed translucent gate.
 56769 | Elf:2    | Found a runed translucent gate.
 56769 | Elf:2    | Found a runed translucent gate.
 56769 | Elf:2    | Noticed Jorgrun
 56789 | Elf:2    | Killed Jorgrun
 57187 | Elf:2    | Noticed Asterion
 57194 | Elf:2    | Gained mutation: You are dopey. (Int -2) [a cacodemon]
 57238 | Elf:2    | Killed Asterion
 58351 | Elf:2    | Acquired 970 gold pieces
 58487 | Elf:3    | Entered Level 3 of the Elven Halls
 58909 | Elf:3    | Paralysed by an air elemental for 1 turns
 58911 | Elf:3    | Paralysed by an air elemental for 1 turns
 59368 | Elf:3    | Reached skill level 15 in Throwing
 61558 | Elf:3    | Identified the +7 falchion of Doom {vorpal, Will+}
 61707 | Elf:3    | Got the Incunabulum of the Blaze and the Frostbite
 61960 | Elf:3    | Found the ring of the Hare {EV+8}
 61972 | Elf:3    | Found the macabre finger necklace {rN+}
 62014 | Elf:3    | Got the Grimoire of the Nocuous Frostbite
 62038 | Elf:3    | Got the Reference Book on Moulding and Evil Rituals
 62087 | Elf:3    | Identified the +3 scale mail "Heunk" {Rampage rF+ Regen+
                  | Dex-3}
 62105 | Elf:3    | Identified the +6 shortbow of Uncomfortable Rashes {vorpal,
                  | rPois rF- rC+ Str+2 Dex+4}
 62113 | Elf:3    | Identified the +3 quarterstaff of Experimentation {spect,
                  | Dex+4}
 62119 | Elf:3    | Got the Reference Book on the Cloudy Arsonist
 62901 | Vaults:2 | Reached XP level 20. HP: 122/198 MP: 20/20
 63099 | Vaults:2 | Identified the +9 plate armour of Okawaru's Esteem {rN+}
 63527 | Snake:2  | Killed cbfl8's ghost
 64822 | Depths:1 | Entered Level 1 of the Depths
 65478 | Vaults:3 | Reached skill level 5 in Dodging
 66590 | Vaults:3 | Found a staircase to the Crypt.
 67755 | Vaults:4 | Noticed Mennas
 67774 | Vaults:4 | Killed Mennas
 68213 | Vaults:4 | Found Satwono's Weapon Shoppe.
 69266 | Depths:1 | Reached skill level 10 in Dodging
 69349 | Depths:1 | Reached skill level 10 in Evocations
 69466 | Depths:1 | Found a gateway to Hell.
 69515 | Depths:1 | Found a broken altar of Ashenzari.
 69528 | Depths:1 | Acquired 772 gold pieces
 69548 | Depths:1 | Reached XP level 21. HP: 158/196 MP: 21/21
 70718 | Depths:2 | Noticed a golden dragon
 70977 | Depths:2 | Noticed Saint Roka
 71179 | Depths:2 | Killed Saint Roka
 71193 | Depths:1 | Killed a golden dragon
 71337 | Depths:2 | Found a one-way gate leading to the halls of Pandemonium.
 71389 | Depths:2 | Found a huge runed gate.
 71389 | Depths:2 | Found a huge runed gate.
 71389 | Depths:2 | Found a huge runed gate.
 71389 | Depths:2 | Found a huge runed gate.
 71389 | Depths:2 | Found a huge runed gate.
 71392 | Depths:2 | Found a huge runed gate.
 71392 | Depths:2 | Found a huge runed gate.
 71393 | Depths:2 | Found a huge runed gate.
 71395 | Depths:2 | Found a huge runed gate.
 71400 | Depths:2 | Found a huge runed gate.
 71400 | Depths:2 | Found a huge runed gate.
 71400 | Depths:2 | Found a huge runed gate.
 71400 | Depths:2 | Found a huge runed gate.
 71492 | Depths:2 | Found a portal to a secret trove of treasure.
 71787 | Depths:2 | Found a huge runed gate.
 71787 | Depths:2 | Found a huge runed gate.
 71787 | Depths:2 | Found a huge runed gate.
 71787 | Depths:2 | Found a huge runed gate.
 71787 | Depths:2 | Found a huge runed gate.
 71791 | Depths:2 | Found a huge runed gate.
 71792 | Depths:2 | Found a huge runed gate.
 71793 | Depths:2 | Found a huge runed gate.
 71794 | Depths:2 | Found a huge runed gate.
 71795 | Depths:2 | Found a huge runed gate.
 71804 | Depths:2 | Found a huge runed gate.
 71804 | Depths:2 | Found a huge runed gate.
 71804 | Depths:2 | Found a huge runed gate.
 71804 | Depths:2 | Found a huge runed gate.
 71804 | Depths:2 | Found a huge runed gate.
 71804 | Depths:2 | Found a huge runed gate.
 71805 | Depths:2 | Found a huge runed gate.
 71806 | Depths:2 | Found a huge runed gate.
 71807 | Depths:2 | Found a huge runed gate.
 71815 | Depths:2 | Found a huge runed gate.
 71815 | Depths:2 | Found a huge runed gate.
 71815 | Depths:2 | Found a huge runed gate.
 71815 | Depths:2 | Found a huge runed gate.
 72353 | Depths:2 | Found Licwoulu's Assorted Antiques.
 73605 | Depths:3 | Found a shimmering blue altar of Sif Muna.
 73888 | Depths:4 | Entered Level 4 of the Depths
 74037 | Depths:4 | Found Dikanyn's Armour Boutique.
 74470 | Depths:4 | Noticed an ancient lich
 74483 | Depths:4 | Killed an ancient lich
 74638 | Depths:4 | Noticed a caustic shrike
 74638 | Depths:4 | Noticed a caustic shrike
 74638 | Depths:4 | Noticed a caustic shrike
 74657 | Depths:4 | Killed a caustic shrike
 74755 | Depths:4 | Noticed a caustic shrike
 74768 | Depths:4 | Killed a caustic shrike
 74825 | Depths:4 | Killed a caustic shrike
 74829 | Depths:4 | Killed a caustic shrike
 75058 | Depths:4 | Reached XP level 22. HP: 159/220 MP: 22/22
 75317 | Depths:3 | Noticed a juggernaut
 75322 | Depths:3 | Noticed a juggernaut
 75324 | Depths:3 | Killed a juggernaut
 75348 | Depths:4 | Killed a juggernaut
 75752 | Depths:4 | Found a one-way gateway to a ziggurat.
 76034 | Depths:4 | Found an iron altar of Okawaru.
 76153 | Depths:4 | Reached skill level 15 in Dodging
 76274 | Depths:4 | Found a gate to the Realm of Zot.
 77032 | Vaults:5 | Entered Level 5 of the Vaults
 77660 | Slime:1  | Entered Level 1 of the Pits of Slime
 77694 | Slime:2  | Noticed Dissolution
 77702 | Slime:1  | Killed Dissolution
 78158 | Slime:4  | Gained mutation: You are very dopey. (Int -4) [a shining
                  | eye]
 78171 | Slime:4  | Gained mutation: Your body sometimes deteriorates upon
                  | taking damage. [a shining eye]
 78173 | Slime:4  | Gained mutation: Armour fits poorly on your strangely
                  | shaped body. [a shining eye]
 78347 | Slime:5  | Entered Level 5 of the Pits of Slime
 78881 | Slime:5  | Noticed the Royal Jelly
 79114 | Slime:5  | Gained mutation: Your body often deteriorates upon taking
                  | damage. [a shining eye]
 79179 | Slime:5  | Killed the Royal Jelly
 80124 | Slime:5  | Reached XP level 23. HP: 231/231 MP: 23/23
 80238 | Slime:5  | Identified the +5 arbalest "Beast's Demise" {flame, Fly
                  | SInv}
 80260 | Slime:5  | Identified the ring "Nemm" {Will- rCorr MP+9 Slay+3 Stlth+}
 80303 | Slime:5  | Identified the ring "Tuaczit" {Fire rN+ Str+2}
 80314 | Slime:5  | Identified the +8 long sword "Goblinslayer" {freeze, *Slow
                  | rF++}
 80380 | Slime:5  | Identified the ring "Sugh" {Fire Str+2 Dex+2}
 80402 | Slime:5  | Got a slimy rune of Zot
 80416 | Slime:5  | Got the Papyrus of Transmutation
 80783 | Slime:5  | Gained mutation: You are weak. (Str -2) [a shining eye]
 83520 | Vaults:5 | Identified the +1 ring mail of Tenacity {Will+ Str+6
                  | Slay-5}
 83524 | Vaults:5 | Identified the +0 short sword "Qilu" {vorpal, rF- rCorr
                  | Stlth+}
 84397 | Vaults:5 | Got a silver rune of Zot
 85443 | Vaults:5 | Got Sif Muna's Handbook of Excruciating Dislocation
 85541 | Vaults:5 | Found Fienuo Xaump's Assorted Antiques.
 85545 | Vaults:5 | Bought a scroll of acquirement for 1560 gold pieces
 85545 | Vaults:5 | Bought a potion of curing for 90 gold pieces
 85545 | Vaults:5 | Bought a potion of heal wounds for 150 gold pieces
 85545 | Vaults:5 | Bought a potion of heal wounds for 150 gold pieces
 85545 | Vaults:5 | Acquired the ring of Vetuefeats {+Blink rF+ Int+4 Dex+4}
 86249 | Zot:1    | Entered Level 1 of the Realm of Zot
 88250 | Zot:2    | Reached XP level 24. HP: 239/242 MP: 23/23
 89366 | Swamp:1  | Killed avis's ghost
 89743 | Depths:2 | Noticed a juggernaut
 89941 | Depths:2 | Killed a juggernaut
 91199 | Zot:2    | Reached skill level 15 in Evocations
 93931 | Zot:4    | Reached skill level 27 in Armour
 94058 | Zot:4    | Reached skill level 27 in Fighting
 94394 | Zot:5    | Entered Level 5 of the Realm of Zot
 96251 | Zot:5    | Reached XP level 25. HP: 237/257 MP: 23/23
 97312 | Zot:5    | Noticed an orb of fire
 97385 | Zot:5    | Noticed an ancient lich
 97394 | Zot:5    | Killed an ancient lich
 97446 | Zot:5    | Gained mutation: You are frail. (-10% HP) [an orb of fire]
 97451 | Zot:5    | Gained mutation: Your magical capacity is low. (-10% MP)
                  | [an orb of fire]
 97453 | Zot:5    | Killed an orb of fire
 97578 | Zot:5    | Noticed an orb of fire
 97579 | Zot:5    | Gained mutation: Potions are less effective at restoring
                  | your health. [an orb of fire]
 97595 | Zot:5    | Gained mutation: Potions cannot restore your health. [an
                  | orb of fire]
 97595 | Zot:5    | Noticed a dread lich
 97597 | Zot:5    | Killed an orb of fire
 99016 | Lair:1   | Lost mutation: Potions cannot restore your health. [potion
                  | of mutation]
 99016 | Lair:1   | Lost mutation: Your magical capacity is low. (-10% MP)
                  | [potion of mutation]
 99016 | Lair:1   | Gained mutation: You are very frail. (-20% HP) [potion of
                  | mutation]
 99016 | Lair:1   | Gained mutation: A frigid envelope surrounds you and
                  | freezes all who hurt you. [potion of mutation]
 99017 | Lair:1   | Lost mutation: You are weak. (Str -2) [potion of mutation]
 99017 | Lair:1   | Lost mutation: Potions are less effective at restoring your
                  | health. [potion of mutation]
 99017 | Lair:1   | Gained mutation: You expend magic power (3 MP) to
                  | strengthen your wands. [potion of mutation]
 99018 | Lair:1   | Lost mutation: You are very dopey. (Int -4) [potion of
                  | mutation]
 99018 | Lair:1   | Lost mutation: Your body often deteriorates upon taking
                  | damage. [potion of mutation]
 99018 | Lair:1   | Lost mutation: Armour fits poorly on your strangely shaped
                  | body. [potion of mutation]
 99018 | Lair:1   | Lost mutation: You are dopey. (Int -2) [potion of mutation]
 99018 | Lair:1   | Lost mutation: You are very frail. (-20% HP) [potion of
                  | mutation]
 99377 | Zot:4    | Killed a dread lich
 99516 | Zot:5    | Noticed a Killer Klown
 99587 | Zot:5    | Noticed an ancient lich
 99626 | Zot:5    | Killed an ancient lich
 99976 | Zot:5    | Noticed a Killer Klown
 99987 | Zot:5    | Killed a Killer Klown
100022 | Zot:5    | Killed a Killer Klown
100140 | Zot:5    | Noticed an ancient lich
100161 | Zot:5    | Killed an ancient lich
100383 | Zot:5    | Noticed a Killer Klown
100397 | Zot:5    | Killed a Killer Klown
100625 | Zot:5    | Noticed an orb of fire
100645 | Zot:5    | Got the Orb of Zot
101099 | D:15     | Noticed a seraph
101481 | D:$      | Escaped with the Orb!

Illustrated notes

Levels and vault maps discovered:
D:1:      amcnicky_arrival_abandoned_market, layout_loops_ring, serial_shops,
          shop, minmay_split_cup_small
D:2:      layout_basic, basic_altar, serial_curves, eino_curves_03,
          eino_curves_02, eino_curves_01, eino_curves_04,
          minmay_misc_feat_more_columns, hangedman_decor_lopped,
          serial_park_tiny_pond, kennysheep_generic_room_2
D:3:      layout_basic, minmay_quantized
D:4:      layout_basic, dancing_weapons_uskayaw, minivault_19, uniq_robin
D:5:      layout_cave_pools, grunt_gozag_statues
D:6:      layout_cave_pods, kennysheep_mini,
          hangedman_abyss_or_decor_lesser_grid
D:7:      layout_loops_ring, nicolae_overflow_quartered_altars,
          mainiacjoe_overflow_24_doors, kennysheep_mini_moat,
          minmay_temple_entry_proselytizer, uniq_crazy_yiuf_cottage,
          uniq_maggie, uniq_harold
D:8:      layout_basic, serial_glass, glass_columns_b, glass_columns_a,
          feat_on_display
D:9:      layout_basic, elyvilon_altar_1, minivault_24, uniq_psyche
D:10:     minmay_the_grid_octo_tiled_octocenter [minmay_the_grid_octo_checkered,
          minmay_the_grid_octo_toaster, minmay_the_grid_octo_shrine,
          minmay_the_grid_octo_fat_diamond,
          minmay_the_grid_octo_prize_square_snowflake,
          minmay_the_grid_square_5x5_pentomino_r,
          minmay_the_grid_square_5x5_half_checkered,
          minmay_the_grid_square_5x5_shuriken,
          minmay_the_grid_square_5x5_intrusive_squares], layout_basic, tgw_trog,
          corner_web_ring
D:11:     layout_roguey, lair_entry_dummy, serial_ice, serial_ice_a,
          serial_ice_e, serial_ice_o, serial_ice_f, serial_ice_n, serial_ice_g,
          kennysheep_boxes
D:12:     layout_loops_cross, erik_orc_4, serial_shops, shop,
          yredelemnul_forgotten_temple_becter
D:13:     layout_cave_pods, small_statue_intersection
D:14:     layout_basic, david_vaults_5, hangedman_decor_growths,
          einodemon_barbed_minivault, uniq_snorg, uniq_frances
D:15:     hangedman_depths_entry_try_elsewhere_first, layout_basic
Temple:   minmay_temple_curvy_loop
Lair:1:   layout_cave_shapes, gammafunk_ghost_hydra_chop, serial_bayou_pond_c,
          lemuel_fruit_tree, serial_bayou_shore_a
Lair:2:   gammafunk_indiana_jones, layout_cave_pods, uniq_fannar
Lair:3:   layout_small_grid, minmay_snake_entry_guardpost_small,
          grunt_megastairs_1, uniq_sonja
Lair:4:   beast_lair_carwin_large_3, layout_regular_city,
          minmay_swamp_entry_worms, portal_ice_cave_entry_pillars_2,
          roderic_batcave
Lair:5:   layout_cave_pods, minmay_slime_entry_pillars
Lair:6:   minmay_lair_end_frog_pond, layout_big_grid, ebering_ghost_xom,
          uniq_josephine
Swamp:1:  layout_basic_swamp, gammafunk_ghost_split,
          evilmike_swamp_ruin_house_3, infiniplex_staircase_pool
Swamp:2:  layout_basic_swamp, nicolae_swamp_orc_logging_accident
Swamp:3:  layout_basic_swamp, evilmike_swamp_ruin_wall, swamp_pool4
Swamp:4:  swamp_fiery, layout_basic_swamp, swamp_pool1,
          infiniplex_staircase_pool_2
Snake:1:  layout_onion_interference, basic_altar, grunt_megastairs_5,
          uniq_nikola, uniq_aizul
Snake:2:  layout_onion_interference, gammafunk_ghost_abyssal_escape
Snake:3:  gammafunk_its_a_trap, layout_onion
Snake:4:  johnstein_snake_rune_scales, layout_cave_town, serial_bayou_lagoon_a,
          minmay_shop_grove, grunt_megastairs_3
Slime:1:  layout_caves
Slime:2:  layout_caves, dissolution_awaits
Slime:3:  layout_caves
Slime:4:  layout_caves
Slime:5
Orc:1:    nicolae_orc_accident_1, layout_caves
Orc:2:    st_orc_rangers, layout_caves, minmay_shop_mass,
          hellmonk_bongcloud_opening, uniq_azrael
Elf:1:    layout_rooms, hangedman_elf_represent
Elf:2:    nicolae_elf_blades_crystal_corner, layout_geoelf_octagon,
          uniq_jorgrun, uniq_louise, uniq_asterion
Elf:3:    minmay_elf_hall, layout_geoelf_octagon
Vaults:1: v_misc_28, nicolae_vaults_alarming, nicolae_vaults_shelves_hall,
          grunt_vaults_hallway_short, grunt_vaults_hallway_long,
          nicolae_vaults_border_crossing, nicolae_vaults_shelves_hall,
          layout_vaults_omnigrid
Vaults:2: emtedronai_trogs_sanctum, not_door_vault_mu, vaults_standard_mumra_x,
          nicolae_vaults_mini_display_case, hangedman_vaults_capsules,
          vaults_dpeg_ring, layout_vaults_chaotic_city
Vaults:3: ontoclasm_vaults_ring_square, minmay_crypt_entry_simple_walls,
          ontoclasm_vaults_hangar, st_cells, dpeg_vaults_monster_box,
          nicolae_vaults_network_quinsquares
          [nicolae_vaults_network_quincunx_subvault,
          nicolae_vaults_network_quincunx_subvault,
          nicolae_vaults_network_quincunx_subvault,
          nicolae_vaults_network_quincunx_subvault], vaults_dpeg_diagonal,
          v_rooms_3, vaults_mumra_chevron_long, ontoclasm_vaults_bender,
          nicolae_vaults_gold_heap, ontoclasm_vaults_chip,
          nicolae_vaults_big_ls, layout_vaults_maze_snakey
Vaults:4: kb_rosetta, nicolae_vaults_three_branches,
          hangedman_vaults_stretched_pinwheel, hangedman_vaults_snaps,
          v_misc_24, ontoclasm_vaults_chip, nicolae_vaults_circle_grid_b,
          v_rooms_2, v_pattern_5, vaults_dpeg_hooks, nicolae_vaults_asterisk,
          nicolae_vaults_rhombus_5, layout_vaults_ring, serial_shops,
          nicolae_shop_bloodbath_and_beyond, uniq_mennas
Vaults:5: serial_shops
Depths:1: layout_cave_pools, abyss_entry, minmay_crystal_water, hell_entry,
          st_stairs_2, grunt_ministairs_2, cheibrodos_ashenzari_chains
Depths:2: minmay_connected_boxes_in_corner, layout_honeycomb,
          grunt_pan_entry_spiral, hell_entry, serial_shops, shop, enter_trove_3,
          door_vault, serial_bayou_shore_b, uniq_saint_roka
Depths:3: minmay_bloctagon_deflated, layout_twisted_cross,
          pf_vacation_house_of_asmodeus, pan_entry, abyss_entry,
          nicolae_sif_muna_condensation, serial_bayou_shore_b,
          serial_bayou_shore_b
Depths:4: evilmike_zot_entry_round, layout_long_grid, enter_ziggurat_f,
          hell_entry, serial_shops, shop_statue, minmay_room_of_horrors,
          okawaru_altar_gauntlet_db, kennysheep_random_hallway
Zot:1:    layout_misc_corridors, hangedman_zot_decor_slant
Zot:2:    layout_basic, skrybe_zot_glass_3
Zot:3:    layout_cellular_growth
Zot:4:    layout_gridlike
Zot:5:    layout_misc_corridors, grunt_ministairs_1, bh_zot_levy_curve,
          st_stairs_8, hangedman_zot_diagonal_lockstep, lemuel_baited_zot_trap

Skill      XL: |  1  2  3  4  5  6  7  8  9 10 11 12 13 14 15 16 17 18 19 20 21 22 23 24 25 |
---------------+----------------------------------------------------------------------------+-----
Fighting       | 2 3 4 5 6 8 9 11 12 14 16 19 20 21 22 23 24 26 27 | 27.0
Throwing       | 3 4 5 7 8 9 12 14 15 16 18 | 18.6
Armour         | 2 3 5 7 8 10 13 15 17 19 20 21 22 23 24 26 27 | 27.0
Maces & Flails | 1 4 |  4.5
Polearms       | 4 7 11 13 14 16 17 20 23 24 | 24.0
Evocations     | 3 7 8 10 11 13 14 16 17 | 17.9
Dodging        | 3 10 14 16 | 16.0
Spellcasting   | |  1.0
Hexes          | |  2.0

Action                   |  1- 3 |  4- 6 |  7- 9 | 10-12 | 13-15 | 16-18 | 19-21 | 22-24 | 25-27 || total
-------------------------+-------+-------+-------+-------+-------+-------+-------+-------+-------++-------
Melee: Unarmed           |    41 |       |       |       |       |       |       |       |       ||    41
       Headbutt          |    15 |    10 |    26 |    92 |   273 |   339 |   357 |   498 |    63 ||  1673
       Club              |    12 |       |       |       |       |       |       |       |       ||    12
       Dagger            |    30 |       |     2 |       |       |       |       |       |       ||    32
       Flail             |     2 |    71 |    66 |       |       |       |       |       |       ||   139
       Halberd           |       |       |    79 |   539 |  1313 |   933 |       |       |       ||  2864
       Whip              |       |       |       |       |     1 |    24 |       |       |       ||    25
       Trident           |       |       |       |       |       |    74 |    57 |       |       ||   131
       Punch             |       |       |       |       |       |     1 |     1 |       |       ||     2
       Bardiche          |       |       |       |       |       |   484 |  1554 |  1906 |   252 ||  4196
Throw: Boomerang         |     4 |    18 |    27 |    38 |    48 |   247 |    12 |    99 |    76 ||   569
       Stone             |     6 |       |    17 |       |       |       |       |       |       ||    23
       Javelin           |       |     8 |    10 |     6 |    60 |    35 |    17 |    10 |    19 ||   165
       Throwing net      |       |       |     3 |     6 |     1 |       |       |       |       ||    10
       Dart              |       |       |     1 |     5 |    51 |    33 |    46 |     1 |    17 ||   154
Invok: Lunge             |       |       |     1 |     3 |     7 |    11 |     7 |     4 |     1 ||    34
       Serpent's Lash    |       |       |       |     2 |     2 |     2 |       |       |       ||     6
       Whirlwind         |       |       |       |       |    27 |    41 |    83 |   142 |     9 ||   302
       Heavenly Storm    |       |       |       |       |     2 |     3 |     4 |       |       ||     9
 Abil: Wall Jump         |       |       |       |     1 |    46 |    50 |    67 |    31 |     2 ||   197
       Evoke Blink       |       |       |       |       |       |       |       |     2 |       ||     2
Evoke: Wand              |       |       |       |     1 |    14 |    26 |    10 |     5 |     3 ||    59
       Box of beasts     |       |       |       |       |       |     1 |       |       |       ||     1
  Use: Scroll            |       |       |     6 |    11 |    20 |    23 |    17 |    17 |       ||    94
       Potion            |       |       |       |       |     4 |    15 |     6 |     6 |     7 ||    38
 Stab: Sleeping          |     2 |       |       |       |       |       |       |       |       ||     2
       Distracted        |     1 |       |       |     1 |       |       |     2 |     2 |       ||     6
       Held in net/web   |       |       |     1 |     4 |     1 |       |       |       |       ||     6
       Invisible         |       |       |     1 |       |       |       |       |       |       ||     1
       Confused          |       |       |       |       |       |     2 |       |       |       ||     2
Armor: Robe              |    10 |       |       |       |       |       |       |       |       ||    10
       Ring mail         |    10 |    37 |    43 |       |       |       |       |       |       ||    90
       Chain mail        |       |       |    21 |       |       |       |       |       |       ||    21
       Scale mail        |       |       |    15 |   206 |     4 |       |       |       |       ||   225
       Storm dragon scal |       |       |       |    33 |   341 |   143 |       |       |       ||   517
       Crystal plate arm |       |       |       |       |   263 |   180 |   492 |   796 |   118 ||  1849
       Swamp dragon scal |       |       |       |       |       |   174 |       |       |       ||   174
Dodge: Dodged            |    52 |    28 |    70 |   197 |   504 |   523 |   497 |   883 |    75 ||  2829
Block: Other             |       |       |       |    68 |   219 |   203 |   143 |   227 |    21 ||   881
       Reflection        |       |       |       |     5 |    34 |    27 |    13 |    16 |     1 ||    96
